 Dungeon Sprint DCSS version 0.25.1-2-g60ff931df9 (webtiles) character file.

Game seed: 10149923535487804008

331 Doot the Thaumaturge (level 6, -3/47 HPs)
             Began as a Draconian Summoner on Sept 6, 2020.
             Was a High Priest of Sif Muna.
             Slain by a hellwing (7 damage)
             ... summoned by the player character
             ... in the Dungeon (Sprint VII: "The Pits").
             The game lasted 00:07:20 (1405 turns).

Doot the Thaumaturge (Draconian Summoner)           Turns: 1405, Time: 00:07:21

Health: -3/47      AC:  6    Str: 10    XL:     6   Next: 26%
Magic:  17/17      EV: 13    Int: 17    God:    Sif Muna [*****.]
Gold:   0          SH:  0    Dex: 12    Spells: 1/22 levels left

rFire    . . .     SeeInvis .   n - +2 falchion
rCold    . . .     Gourm    .   (no shield)
rNeg     . . .     Faith    .   (armour unavailable)
rPois    .         Spirit   .   (helmet restricted)
rElec    .         Reflect  .   (no cloak)
rCorr    .         Harm     .   (no gloves)
MR       .....     NoTele   +   (no boots)
Stlth    ++........             (no amulet)
HPRegen  0.15/turn              (no ring)
MPRegen  0.15/turn              (no ring)

@: no status effects
A: unfitting armour, cold-blooded, AC +6
a: Channel Magic, Forget Spell, Divine Exegesis, Renounce Religion


You were in the Dungeon.
You worshipped Sif Muna.
Sif Muna was extremely pleased with you.
You were near starving.

You visited 1 branch

Inventory:

Hand Weapons
 n - a +2 falchion (weapon)
Magical Staves
 m - an uncursed staff of energy
Scrolls
 h - a scroll of blinking
 j - 3 scrolls of remove curse
 k - 5 scrolls of amnesia
 l - a scroll of summoning
Potions
 c - 6 potions of curing
 d - 6 potions of heal wounds
 e - a potion of haste
 f - 4 potions of magic
 g - 3 potions of berserk rage
 i - 2 potions of invisibility
Comestibles
 b - 9 rations


   Skills:
 + Level 1.0 Fighting
 + Level 4.3 Long Blades
 + Level 3.2 Dodging
 + Level 4.0 Stealth
 + Level 8.7 Spellcasting
 + Level 8.0 Summonings


You had one spell level left.
You knew the following spells:

 Your Spells              Type           Power        Failure   Level  Hunger
a - Summon Small Mammal   Summ           ####         1%          1    None
b - Call Canine Familiar  Summ           ####....     1%          3    #......
c - Summon Guardian Gole  Hex/Summ       ###.....     5%          3    #......
d - Summon Ice Beast      Ice/Summ       ###.....     19%         4    ###....
e - Summon Demon          Summ           ####......   10%         5    #####..
f - Aura of Abjuration    Summ           ####......   10%         5    #####..

Your spell library contained the following spells:

 Spells                   Type           Power        Failure   Level  Hunger
 Call Imp                 Summ           ####....     1%          2    None
 Recall                   Summ/Tloc      N/A          5%          3    #......
 Summon Lightning Spire   Summ/Air       ###.....     19%         4    ###....
 Summon Forest            Summ/Tloc      ###.......   45%         5    #####..
 Summon Mana Viper        Hex/Summ       ###.....     45%         5    #####..
 Shadow Creatures         Summ           N/A          47%         6    ######.


Dungeon Overview and Level Annotations

Branches:
Dungeon (1/1)

Altars:
Ashenzari
Cheibriados
Dithmenos
Elyvilon
Fedhas
Gozag
Hepliaklqana
Kikubaaqudgha
Makhleb
Nemelex Xobeh
Okawaru
Qazlal
Ru
Sif Muna
Trog
Uskayaw
Vehumet
Wu Jian
Xom
Yredelemnul
Zin
The Shining One
Beogh
Jiyva
Lugonu


Innate Abilities, Weirdness & Mutations

Your plain brown scales are hard. (AC +6)
You cannot fit into any form of body armour.
You are cold-blooded and may be slowed by cold attacks.


Message History

The hellwing closely misses you.
You riposte.
You closely miss the hellwing. The hellwing hits you.
There is an open door, spattered with blood here.
There is an open door here.
There is an open door here.
The hellwing swoops through the air toward you!
The hellwing hits you. x2
There is an open door here.
The hellwing hits you. The hellwing closely misses you.
There is an open door here.
There is an open door, spattered with blood here.
The hellwing swoops through the air toward you!
The hellwing hits you!
* * * LOW HITPOINT WARNING * * *
The hellwing hits you.
* * * LOW HITPOINT WARNING * * *
You hit the hellwing but do no damage. The hellwing hits you.
* * * LOW HITPOINT WARNING * * *
The hellwing hits you!
You die...

########### _________.#
_________.#
_______...###########++####
##########'##...............
#.?(.')))'.##......#..#.....
##########.##...............
#.)..))....@4....)..........
#'#####'#####......#..#.....
#[#..)..#..##...............
#.#.....#))#####'#####++####
#.###'###))##.......#
#.#.....#))##.......#
#.#.....#[[##.......#
#.####'##'###...<...#
#.#........##.......#


You could see a hellwing (summoned).

Vanquished Creatures
  A floating eye (D)
  A porcupine (D)
  An orc wizard (D)
  2 oozes (D)
  2 orcs (D)
  A bat zombie (D)
  A hobgoblin (D)
  2 quokkas (D)
  A ball python zombie (D)
  A frilled lizard (D)
13 creatures vanquished.

Vanquished Creatures (collateral kills)
  A nameless horror (D)
  A black bear (D)
  A hound (D)
  A jelly (D)
  An orc wizard (D)
  A mummy (D)
  An orc (D)
  A hobgoblin (D)
8 creatures vanquished.

Grand Total: 21 creatures vanquished

Notes
Turn   | Place    | Note
-------+----------+-------------------------------------------
     0 | D        | Doot the Draconian Summoner began the quest for the Orb.
     0 | D        | Reached XP level 1. HP: 14/14 MP: 3/3
    56 | D        | Found a bloodstained altar of Trog.
    56 | D        | Found a shimmering blue altar of Sif Muna.
    56 | D        | Found a viscous altar of Jiyva.
    56 | D        | Found a hazy altar of Hepliaklqana.
    56 | D        | Found an opulent altar of Gozag.
    57 | D        | Found a glowing golden altar of the Shining One.
    57 | D        | Found a glowing silver altar of Zin.
    57 | D        | Found a basalt altar of Yredelemnul.
    57 | D        | Found a shimmering altar of Xom.
    57 | D        | Found an ornate altar of the Wu Jian Council.
    57 | D        | Found a sacrificial altar of Ru.
    57 | D        | Found a stormy altar of Qazlal.
    57 | D        | Found an iron altar of Okawaru.
    57 | D        | Found a sparkling altar of Nemelex Xobeh.
    57 | D        | Found a burning altar of Makhleb.
    57 | D        | Found a blossoming altar of Fedhas.
    57 | D        | Found a white marble altar of Elyvilon.
    57 | D        | Found a shadowy altar of Dithmenos.
    57 | D        | Found a snail-covered altar of Cheibriados.
    58 | D        | Found a radiant altar of Vehumet.
    58 | D        | Found a corrupted altar of Lugonu.
    58 | D        | Found a roughly hewn altar of Beogh.
    59 | D        | Found an ancient bone altar of Kikubaaqudgha.
    59 | D        | Found a hide-covered altar of Uskayaw.
    59 | D        | Found a shattered altar of Ashenzari.
    60 | D        | Became a worshipper of Sif Muna the Loreminder
   133 | D        | Reached * piety under Sif Muna
   135 | D        | Reached skill level 5 in Summonings
   138 | D        | Noticed a floating eye
   138 | D        | Noticed a jelly
   313 | D        | Paralysed by a floating eye for 2 turns
   316 | D        | Paralysed by a floating eye for 4 turns
   320 | D        | Killed a floating eye
   320 | D        | Reached ** piety under Sif Muna
   320 | D        | Reached XP level 2. HP: 20/20 MP: 3/11
   320 | D        | Reached XP level 3. HP: 26/26 MP: 3/12
   320 | D        | Reached XP level 4. HP: 33/33 MP: 3/14
   423 | D        | Reached skill level 1 in Long Blades
   423 | D        | Reached XP level 5. HP: 16/38 MP: 12/15
   448 | D        | Learned a level 3 spell: Call Canine Familiar
   452 | D        | Learned a level 3 spell: Summon Guardian Golem
   457 | D        | Learned a level 4 spell: Summon Ice Beast
   661 | D        | Noticed a black bear
   681 | D        | Noticed a nameless horror
   684 | D        | Killed a black bear
   684 | D        | Reached *** piety under Sif Muna
   688 | D        | Killed a nameless horror
   801 | D        | Noticed a porcupine
   803 | D        | Killed a porcupine
   803 | D        | Reached XP level 6. HP: 46/46 MP: 14/17
   829 | D        | Reached **** piety under Sif Muna
   829 | D        | Reached skill level 1 in Fighting
  1093 | D        | Reached ***** piety under Sif Muna
  1093 | D        | Received a gift from Sif Muna
  1101 | D        | Learned a level 5 spell: Summon Demon
  1107 | D        | Learned a level 5 spell: Aura of Abjuration
  1107 | D        | Noticed a flying skull
  1112 | D        | Noticed a ynoxinul
  1348 | D        | Noticed a hellwing
  1405 | D        | Slain by a hellwing

Illustrated notes

Levels and vault maps discovered:
D:        pitsprint [storerooms_1, entrance_room_1, metal_vault_1, armoury_3,
          mini_pit_1, grid_room_1, main_hall_1, silver_pit, the_coven_3,
          the_vestibule_1, steel_vault_5, golden_pit, hallway_of_sentries,
          crystal_vault_5, iron_vault_2, final_vault]

Skill      XL: |  1  2  3  4  5  6 |
---------------+-------------------+-----
Dodging        | 2 3 |  3.2
Summonings     | 5 7 8 |  8.0
Spellcasting   | 8 |  8.7
Long Blades    | 1 3 4 |  4.3
Stealth        | 2 3 4 |  4.0
Fighting       | 1 |  1.0

Action                   |  1- 3 |  4- 6 || total
-------------------------+-------+-------++-------
Melee: Falchion          |    12 |    41 ||    53
       Tailslap          |     1 |     6 ||     7
 Cast: Summon Small Mamm |     3 |     1 ||     4
       Call Canine Famil |       |     4 ||     4
       Summon Ice Beast  |       |     2 ||     2
       Summon Guardian G |       |     2 ||     2
       Summon Demon      |       |     2 ||     2
       Aura of Abjuratio |       |     1 ||     1
 Stab: Sleeping          |     2 |     2 ||     4
       Distracted        |       |     2 ||     2
  Eat: Chunk             |       |     1 ||     1
Armor: Skin              |     1 |    22 ||    23
Dodge: Dodged            |     9 |    64 ||    73
       Rpst.: Falchion   |     5 |    18 ||    23
